 Dungeon Crawl Stone Soup version 0.30-a0-305-g026cb31310 (webtiles) character file.

Game seed: 15236513752236762070

182 koil the Sneak (level 5, -1/27 HPs)
             Began as a Spriggan Brigand on Oct 23, 2022.
             Killed from afar by a dart slug (5 damage)
             ... with a slug dart
             ... on level 3 of the Dungeon.
             The game lasted 00:06:15 (1907 turns).

koil the Sneak (Spriggan Brigand)                   Turns: 1907, Time: 00:06:15

Health: -1/27      AC:  7    Str:  7    XL:     5   Next: 34%
Magic:  6/6        EV: 18    Int: 14    God:
Gold:   132        SH:  0    Dex: 17    Spells: 4/4 levels left

rFire   . . .      SeeInvis +    a - +2 dagger
rCold   . . .      Faith    .    (no shield)
rNeg    . . .      Spirit   .    b - +0 robe
rPois   .          Reflect  .    (helmet restricted)
rElec   .          Harm     .    c - +0 cloak
rCorr   .          Rampage  .    (gloves unavailable)
Will    .....                    (boots unavailable)
Stlth   ++++......               (no amulet)
HPRegen 0.24/turn                i - +4 ring of protection
MPRegen 0.10/turn                (no ring)

@: very quick
A: very small, no large weapons, unfitting armour, see invisible, speed 3
a: no special abilities


You were on level 3 of the Dungeon.
You visited 1 branch of the dungeon, and saw 3 of its levels.

You collected 132 gold pieces.

Inventory:

Hand Weapons
 a - a +2 dagger (weapon)
Missiles
 d - 9 poisoned darts (quivered)
 e - 3 curare-tipped darts
Armour
 b - a +0 robe (worn)
 c - a +0 cloak (worn)
Jewellery
 i - a +4 ring of protection (left hand)
 j - an amulet of faith
Wands
 m - a wand of polymorph (11)
Scrolls
 h - a scroll of poison {unknown}
 n - a scroll of amnesia {unknown}
 r - a scroll of identify {unknown}
 s - 2 scrolls of vulnerability {unknown}
 t - a scroll of enchant armour {unknown}
Potions
 f - a potion of brilliance {unknown}
 g - 2 potions of curing {unknown}
 k - a potion of flight {unknown}
 l - a potion of ambrosia {unknown}
 o - a potion of heal wounds {unknown}
 p - a potion of berserk rage {unknown}
 q - a potion of might {unknown}
 u - a potion of haste {unknown}


   Skills:
 + Level 2.4 Fighting
 + Level 3.3 Short Blades
 + Level 3.0 Throwing
 + Level 3.3 Dodging
 + Level 6.9 Stealth


You had 4 spell levels left.
You didn't know any spells.
Your spell library contained the following spells:

 Spells                   Type           Power      Damage    Failure   Level
 Beastly Appendage        Tmut           0%         N/A       28%         1
 Wereblood                Tmut           0%         N/A       41%         2
 Ignite Poison            Fire/Tmut/Pois 0%         N/A       65%         3
 Kindle Blastsparks       Fire/Tloc/Air  0%         2d10      65%         3
 Spider Form              Tmut/Pois      0%         N/A       65%         3
 Freezing Cloud           Conj/Ice/Air   0%         6-21      100%        5


Dungeon Overview and Level Annotations

Branches:
Dungeon (3/15)

Altars:
Ashenzari

Shops:
D:3 (


Innate Abilities, Weirdness & Mutations

You are very small and have problems with some larger weapons.
You are too small for most types of armour.
You have supernaturally acute eyesight. (SInv)
You cover ground extremely quickly. (Speed+++)


Message History

You hit the orc priest.
The orc priest is heavily wounded.
The dart slug bites you but does no damage.
You hit the orc priest.
The orc priest is severely wounded.
The orc priest closely misses you.
You hit the orc priest but do no damage.
The orc priest is severely wounded.
The orc priest calls down the wrath of Beogh upon you.
Pain shoots through your body! The dart slug launches a dart at you.
The slug dart hits you.
You hit the orc priest.
The orc priest is almost dead.
The orc priest calls down the wrath of Beogh upon you.
Beogh smites you!
* * * LOW HITPOINT WARNING * * *
You closely miss the orc priest.
The orc priest is almost dead.
The orc priest misses you. The dart slug launches a dart at you.
The slug dart misses you.
You hit the orc priest.
You kill the orc priest!
Your Throwing skill increases to level 3!
Things that are here:
a +0 dagger; a +0 ring mail; a +0 flail of protection You are too injured to fight recklessly!
You are too injured to fight recklessly!
You are too injured to fight recklessly!
You are too injured to fight recklessly!
Unknown command.
Found 6 datura-tipped darts.
The dart slug launches a dart at you. The slug dart misses you.
A kobold comes into view. It is wielding a +0 dagger.
Found a scroll labelled KUEMNO ZOPTOE.
The dart slug launches a dart at you. The slug dart hits you.
You die...

### ... .........#
... ..........# ...
..........# ...
..........# ...
..........# ...
..........# ...
..........+ ...
........@.# g..
..........# ...
..........# ...
...........# ..
...........# .
...........####
..............#######
..........w..........
.....................


You could see a dart slug.

Vanquished Creatures
  An orc priest (D:3)
  Terence (D:2)
  An orc wizard (D:3)
  Robin (D:3)
  2 adders (D:2)
  2 dart slugs
  An orc (D:3)
  6 bats
  6 endoplasms
  4 giant cockroaches
  10 goblins
  10 hobgoblins
  4 jackals (D:1)
  2 quokkas
  3 ball pythons
  3 frilled lizards
  2 kobolds
  4 rats
63 creatures vanquished.

Notes
Turn   | Place    | Note
-------+----------+-------------------------------------------
     0 | D:1      | koil the Spriggan Brigand began the quest for the Orb.
     0 | D:1      | Reached XP level 1. HP: 10/10 MP: 2/2
   170 | D:1      | Reached skill level 6 in Stealth
   174 | D:1      | Reached XP level 2. HP: 15/15 MP: 3/3
   444 | D:1      | Reached XP level 3. HP: 18/18 MP: 4/4
   935 | D:2      | Found a broken altar of Ashenzari.
  1160 | D:2      | Noticed Terence
  1162 | D:2      | Killed Terence
  1163 | D:2      | Reached XP level 4. HP: 23/23 MP: 5/5
  1463 | D:3      | Noticed Robin
  1550 | D:3      | Killed Robin
  1693 | D:3      | Found a faded altar of an unknown god.
  1833 | D:3      | Found Pyteileur's Antique Weapon Shop.
  1879 | D:3      | Reached XP level 5. HP: 27/27 MP: 6/6
  1890 | D:3      | HP: 1/27 [orc priest/divine providence (13)]
  1907 | D:3      | Killed from afar by a dart slug

Illustrated notes

Levels and vault maps discovered:
D:1:      amcnicky_arrival_abandoned_market, layout_basic
D:2:      layout_loops_ring, basic_altar, uniq_terence
D:3:      layout_basic, hellmonk_ecumenical_altar_lost_god, serial_shops, shop,
          uniq_crazy_yiuf_cottage, uniq_robin

Skill      XL: |  1  2  3  4  5 |
---------------+----------------+-----
Stealth        | 6 |  6.9
Dodging        | 2 3 |  3.3
Fighting       | 2 |  2.4
Short Blades   | 3 |  3.3
Throwing       | 3 |  3.0

Action                   |  1- 3 |  4- 6 || total
-------------------------+-------+-------++-------
Melee: Dagger            |   120 |    80 ||   200
       Punch             |     1 |       ||     1
Throw: Dart              |       |     3 ||     3
 Stab: Sleeping          |    12 |     7 ||    19
       Distracted        |     1 |     1 ||     2
Armor: Robe              |    16 |    27 ||    43
Dodge: Dodged            |    72 |    87 ||   159

Table legend: (Time is in decaauts)
 A = Elapsed time spent in this place.
 B = Non-inter-level travel time spent in this place.
 C = Inter-level travel time spent in this place.
 D = Time resting spent in this place.
 E = Time spent auto-exploring this place.
 F = Levels seen in this place.
 G = Mean time per level.
                   A        B        C        D        E       F      G
               +--------+--------+--------+--------+--------+-----+--------+
         Total |   1257 |   1243 |     14 |      0 |    865 |   3 |  419.0 |
       Dungeon |   1257 |   1243 |     14 |      0 |    865 |   3 |  419.0 |
               +--------+--------+--------+--------+--------+-----+--------+

Top non-repeatable levels by time:
     D:1: 484 daAuts
     D:2: 458 daAuts
     D:3: 314 daAuts
